AoeStats
← MasterProber
◆

Rage Forest 2026

510564237Analyzed
4v4 RM · 1d ago on Oct 1, 2026· 53m 1s· 8 players
Game mode
Random Map
Map size
Large (8 player)
Population
200
Speed
Normal
Resources
Standard
Victory
Conquest
Starting age
Dark Age
Ending age
Dark Age
RankedLock teamsTeams togetherTeam positionsShared explorationLock speedFull tech treeHidden civsTurbo modeCheats
Victory
Defeat
🇩🇪 Bohemians · Germany
1487
+10
🇵🇰 Franks · Pakistan
1413
+12
🇬🇧 Huns · United Kingdom
1372
+14
🇦🇹 Portuguese · Austria
1294
+17
🇩🇪 Burmese · Germany
1465
-18
🇳🇴 Byzantines · Norway
1394
-16
🇳🇴 Saracens · Norway
1253
-10
🇳🇴 Berbers · Norway
1221
-9
Horagalles
0:56 Loom
10:13 Feudal Age
15:39 Castle Age
14:01 Double-Bit Axe
13:59 Horse Collar
27:21 Fletching
27:31 Padded Archer Armor
32:34 Bodkin Arrow
35:15 Ballistics
38:37 Pikeman
39:18 Scale Mail Armor
40:39 Bloodlines
40:29 Husbandry
Basse
0:59 Loom
11:39 Feudal Age
15:46 Castle Age
14:12 Double-Bit Axe
18:59 Bow Saw
21:32 Fishing Lines
25:45 Wheelbarrow
28:47 Imperial Age
27:15 Wheelbarrow
30:35 Chemistry
30:34 Stone Mining
30:34 Gold Mining
31:52 Two-Man Saw
31:00 Fletching
31:16 Padded Archer Armor
31:28 Forging
32:35 Elite Mameluke
33:41 Conscription
32:41 Elite Mameluke
33:19 Fletching
36:03 Caravan
37:52 Siege Engineers
40:10 Ballistics
49:56 Elite Skirmisher
50:33 Bodkin Arrow
50:54 Leather Archer Armor
51:38 Bracer
Prince <3
8:55 Feudal Age
8:59 Man-at-Arms
9:38 Arson
13:06 Horse Collar
21:26 Castle Age
23:26 Heavy Plow
24:25 Town Watch
25:19 Wheelbarrow
31:39 Imperial Age
29:50 Caravan
30:28 Squires
30:47 Scale Barding Armor
30:52 Forging
30:29 Loom
32:05 Bloodlines
31:55 Husbandry
32:17 Chain Barding Armor
32:13 Elite Battle Elephant
35:27 Manipur Cavalry
35:47 Conscription
35:42 Howdah
37:24 Plate Barding Armor
41:02 Siege Engineers
41:58 Chemistry
41:25 Capped Ram
44:02 Iron Casting
45:26 Gold Mining
50:15 Blast Furnace
[Nors] OG DADDY
12:02 Feudal Age
12:39 Double-Bit Axe
12:53 Fishing Lines
15:31 Castle Age
16:09 Gillnets
16:31 Bow Saw
24:34 Wheelbarrow
23:51 Gold Mining
23:51 Stone Mining
27:23 Imperial Age
24:39 Loom
24:57 Fletching
25:08 Padded Archer Armor
26:12 Hand Cart
26:28 Ballistics
26:04 Bodkin Arrow
26:15 Crossbowman
27:00 Thumb Ring
27:12 Leather Archer Armor
29:06 Chemistry
28:07 Bracer
28:58 Gold Shaft Mining
28:09 Arbalester
29:07 Husbandry
30:38 Pikeman
31:18 Squires
31:19 Scale Mail Armor
31:29 Forging
31:15 Treadmill Crane
32:20 Chain Mail Armor
31:30 Halberdier
32:42 Conscription
33:24 Coinage
32:55 Caravan
34:12 Iron Casting
34:19 Plate Mail Armor
34:32 Guilds
35:14 Stone Shaft Mining
35:17 Ring Archer Armor
35:41 Banking
37:44 Elite Skirmisher
38:41 Elite Varangian Guard
43:12 Scale Barding Armor
42:53 Heavy Camel Rider
44:15 Chain Barding Armor
45:30 Plate Barding Armor
44:42 Light Cavalry
49:41 Fortified Wall
49:11 Hussar
52:04 Horse Collar
MasterProber
11:37 Feudal Age
15:57 Castle Age
14:42 Double-Bit Axe
15:54 Horse Collar
16:07 Town Watch
16:57 Bow Saw
20:52 Fletching
25:12 Bodkin Arrow
26:29 Heavy Plow
28:39 Wheelbarrow
27:50 Loom
28:57 Padded Archer Armor
28:58 Husbandry
33:38 Imperial Age
34:23 Bracer
34:44 Conscription
34:07 Heavy Cavalry Archer
35:39 Ballistics
36:01 Caravan
35:35 Elite Skirmisher
36:20 Thumb Ring
36:41 Parthian Tactics
37:27 Leather Archer Armor
40:10 Coinage
42:08 Chemistry
41:20 Bloodlines
41:10 Husbandry
42:31 Banking
42:11 Guilds
42:21 Light Cavalry
43:07 Scale Barding Armor
43:12 Forging
43:12 Hussar
44:13 Chain Barding Armor
45:02 Masonry
46:39 Plate Barding Armor
46:56 Cavalier
48:33 Parthian Tactics
john
0:39 Loom
11:07 Feudal Age
17:41 Horse Collar
18:13 Double-Bit Axe
23:42 Castle Age
24:44 Bow Saw
24:37 Heavy Plow
26:43 Wheelbarrow
28:28 Fervor
28:46 Town Watch
29:24 Hand Cart
35:45 Imperial Age
34:18 Chemistry
33:46 Padded Archer Armor
34:05 Caravan
35:02 Leather Archer Armor
37:13 Ring Archer Armor
38:40 Conscription
38:29 Wagenburg Tactics
39:45 Coinage
40:44 Banking
40:08 Houfnice
43:28 Two-Man Saw
45:12 Fortified Wall
47:45 Crossbowman
50:36 Siege Engineers
51:59 Elite Cannon Galleon
Joker
10:45 Feudal Age
14:27 Castle Age
13:39 Double-Bit Axe
13:52 Horse Collar
18:43 Loom
20:11 Bow Saw
20:41 Heavy Plow
22:55 Wheelbarrow
23:05 Stone Mining
23:05 Gold Mining
24:18 Hand Cart
24:42 Stone Shaft Mining
25:34 Fortified Wall
27:31 Town Watch
30:27 Imperial Age
27:48 Town Watch
28:05 Pikeman
28:55 Arson
29:28 Forging
29:18 Scale Mail Armor
31:26 Iron Casting
31:06 Chain Mail Armor
32:11 Chemistry
31:14 Arquebus
30:40 Halberdier
33:33 Blast Furnace
34:01 Plate Mail Armor
33:38 Fletching
35:48 Bodkin Arrow
35:59 Siege Engineers
36:15 Bombard Tower
38:37 Bracer
44:04 Two-Man Saw
43:08 Town Patrol
43:49 Padded Archer Armor
44:02 Masonry
47:34 Elite Organ Gun
51:10 Architecture
51:00 Ballistics
51:27 Conscription
52:15 Caravan
PabloEscobar
11:06 Feudal Age
14:46 Castle Age
13:34 Double-Bit Axe
13:57 Fishing Lines
15:59 Bow Saw
16:57 Gillnets
24:55 Wheelbarrow
24:29 Gold Mining
25:50 Gold Shaft Mining
25:55 Stone Mining
29:19 Imperial Age
26:34 Treadmill Crane
26:41 Loom
27:44 Scale Barding Armor
27:49 Forging
29:29 Hand Cart
29:41 Chain Barding Armor
29:56 Iron Casting
29:25 Husbandry
29:21 Cavalier
31:15 Plate Barding Armor
30:22 Paladin
31:17 Town Watch
32:36 Blast Furnace
31:53 Chivalry
33:25 Chemistry
34:56 Coinage
36:20 Siege Engineers
40:40 Conscription
39:53 Light Cavalry
44:37 Caravan
45:52 Banking
Connection lost

Rejoining the realm…

Still unreachable

The connection could not be restored.

Session expired

The server has moved on; the page needs a fresh start.